 Dungeon Crawl Stone Soup version 0.30-a0-174-gbc10bd73c2 (webtiles) character file.

Game seed: 10612087803381810167

24 qw the Shield-Bearer (level 3, -2/23 HPs)
             Began as a Gargoyle Fighter on Oct 1, 2022.
             Slain by a gnoll
             ... wielding a +0 whip
              (4 damage)
             ... on level 2 of the Dungeon.
             The game lasted 00:00:18 (539 turns).

qw the Shield-Bearer (Gargoyle Fighter)              Turns: 539, Time: 00:00:19

Health: -2/23      AC: 10    Str: 21    XL:     3   Next: 2%
Magic:  3/3        EV:  9    Int:  8    God:
Gold:   60         SH:  4    Dex:  9    Spells: 2/2 levels left

rFire   . . .      SeeInvis .    Y - +0 war axe
rCold   . . .      Faith    .    c - +0 buckler
rNeg    + . .      Spirit   .    b - +0 scale mail
rPois   inf        Reflect  .    (no helmet)
rElec   +          Harm     .    (no cloak)
rCorr   .          Rampage  .    (no gloves)
Will    .....                    (no boots)
Stlth   ..........               (no amulet)
HPRegen 0.23/turn                (no ring)
MPRegen 0.08/turn                (no ring)

@: no status effects
A: sickness immunity, AC +3, negative energy resistance 1, electricity
resistance, torment resistance 1, petrification resistance
a: no special abilities


You were on level 2 of the Dungeon.
You visited 1 branch of the dungeon, and saw 2 of its levels.

You collected 60 gold pieces.


Innate Abilities, Weirdness & Mutations

You are immune to sickness and miasma.
Your stone body is resilient. (AC +3)
You are immune to poison.
You resist negative energy. (rN+)
You are resistant to electric shocks. (rElec)
You are resistant to unholy torment.
You are immune to petrification.


   Skills:
 - Level 3.2 Fighting
 + Level 3.1 Axes
 - Level 3.2 Armour
 - Level 3.2 Shields


You had 2 spell levels left.
You didn't know any spells.
Your spell library was empty.

Inventory:

Hand Weapons
 f - a +0 club
 Y - a +0 war axe (weapon)
Armour
 b - a +0 scale mail (worn)
 c - a +0 buckler (worn)
Potions
 d - a potion of might
 j - a potion of curing {unknown}

Dungeon Overview and Level Annotations

Branches:
Dungeon (2/15)

Altars:


Message History

A gnoll comes into view. It is wielding a +0 whip.
You see here a fizzy black potion.
A kobold comes into view. It is wielding a +0 club.
You closely miss the gnoll. The gnoll hits you but does no damage.
You completely miss the gnoll. You block the gnoll's attack.
The gnoll closely misses you. The gnoll hits you but does no damage.
You closely miss the gnoll. You hit the gnoll but do no damage.
The gnoll hits you but does no damage. The gnoll closely misses you.
You hit the gnoll.
The gnoll is heavily wounded.
You slash the gnoll! You closely miss the kobold.
The gnoll hits you with a +0 whip. The gnoll hits you but does no damage.
The kobold barely misses you. The kobold hits you with a +0 club.
The gnoll hits you with a +0 club.
A gnoll comes into view. It is wielding a +0 halberd.
The gnoll hits you with a +0 whip.
535 ||| Stepping ~*~*~tactically~*~*~ (hiding).
You closely miss the gnoll.
The gnoll is severely wounded.
You closely miss the kobold. You completely miss the gnoll.
The gnoll hits you with a +0 whip. The kobold hits you but does no damage.
The gnoll barely misses you.
You barely miss the gnoll.
The gnoll is severely wounded.
You hit the gnoll. You hit the kobold but do no damage.
The gnoll barely misses you. The kobold hits you but does no damage.
The gnoll closely misses you.
You barely miss the gnoll.
The gnoll is severely wounded.
You hit the gnoll. You hit the kobold but do no damage.
The gnoll hits you but does no damage. The kobold hits you but does no damage.
The gnoll closely misses you. You block the kobold's attack.
The gnoll hits you but does no damage. x2; The gnoll closely misses you.
You closely miss the gnoll.
The gnoll is almost dead.
You barely miss the gnoll. You miss the kobold.
The gnoll hits you with a +0 whip.
You die...

###########
#.........# ##
#.........# ..
#.........#
###.##.........#
.......gg......#
.##.##g.@......#
#.K.......#
#.........#
#.........#
#.<......##
#.###..###
#.##...#
#.#....#
#.#....#


You could see 3 gnolls and a kobold.

Vanquished Creatures
  2 bats (D:1)
  2 endoplasms
  A giant cockroach (D:1)
  5 goblins (D:1)
  2 hobgoblins
  2 kobolds (D:1)
  3 ball pythons
  3 frilled lizards (D:1)
  A rat (D:1)
21 creatures vanquished.

Notes
Turn   | Place    | Note
-------+----------+-------------------------------------------
     0 | D:1      | qw the Gargoyle Fighter began the quest for the Orb.
     0 | D:1      | Reached XP level 1. HP: 14/14 MP: 1/1
     0 | D:1      | 0 ||| qw: Version: 0.2-a-13-gfc7b4b4
     0 | D:1      | 0 ||| qw: Game counter: 1858
     0 | D:1      | 0 ||| qw: Always use a shield: true
     0 | D:1      | 0 ||| qw: God list: Okawaru
     0 | D:1      | 0 ||| qw: Allow faded altars: false
     0 | D:1      | 0 ||| qw: Do Orc after D:15 true
     0 | D:1      | 0 ||| qw: Do second Lair branch before Depths: true
     0 | D:1      | 0 ||| qw: Lair rune preference: random
     0 | D:1      | 0 ||| qw: Plans: Normal, Zot:1-4, God:TSO, Crypt, Tomb,
                  | Pan, Slime:5, Hells, Abyss, Orb
     0 | D:1      | 0 ||| PLANNING D:1-11
   202 | D:1      | Reached XP level 2. HP: 19/19 MP: 2/2
   240 | D:1      | Found a faded altar of an unknown god.
   247 | D:1      | 247 ||| Stepping ~*~*~tactically~*~*~ (stealth).
   423 | D:1      | 423 ||| READING scroll labelled USCHAPPI PAPSA.
   427 | D:1      | 427 ||| READING scroll labelled VOUXYC CUAKUVEUS.
   428 | D:1      | 428 ||| READING scroll labelled GOPREO YQILYE.
   429 | D:1      | 429 ||| READING scroll labelled ECOHUC SIXICK.
   440 | D:1      | 440 ||| READING scroll labelled NOKLEN CUOKHLONU.
   463 | D:2      | Reached skill level 3 in Axes
   481 | D:2      | Reached XP level 3. HP: 22/23 MP: 3/3
   535 | D:2      | 535 ||| Stepping ~*~*~tactically~*~*~ (hiding).
   536 | D:2      | HP: 1/23 [gnoll/+0 whip (6)]
   539 | D:2      | Slain by a gnoll

Levels and vault maps discovered:
D:1:      ebering_trefoil_3fold, layout_rooms, hellmonk_ecumenical_altar_blasted
D:2:      layout_loops_cross, minmay_stone_trees_small

Skill      XL: |  1  2 |
---------------+-------+-----
Axes           | 2 3 |  3.1
Fighting       | |  3.2
Armour         | |  3.2
Shields        | |  3.2

Action                   || total
-------------------------++-------
Melee: War axe           ||    57
  Use: Scroll            ||     5
Armor: Scale mail        ||    33
Dodge: Dodged            ||    32
Block: Buckler           ||     8

Table legend:
 A = Non-vault XP
 B = Vault XP
 C = Vault XP percentage of total XP
 D = Non-vault monster count
 E = Vault monster count
 F = Vault count percentage of total count
                 A         B        C        D         E       F
            +---------+---------+-------+---------+---------+-------
      Total |      35 |       0 |   0.0 |      21 |       0 |   0.0
            +---------+---------+-------+---------+---------+-------
        D:1 |      29 |       0 |   0.0 |      18 |       0 |   0.0
        D:2 |       6 |       0 |   0.0 |       3 |       0 |   0.0
            +---------+---------+-------+---------+---------+-------
